[Event "Meltwater Champions Chess Tour 2022: Chessable Masters | Prelims"]
[White "Giri, Anish"]
[Black "Ding, Liren"]
[WhiteFideId "24116068"]
[BlackFideId "8603677"]
[WhiteElo "2730"]
[BlackElo "2836"]
[Result "1/2-1/2"]
[Round "06"]
[TimeControl "900+10"]
[Date "2022.05.20"]
[WhiteClock "0:02:48"]
[BlackClock "0:09:45"]

1. d4 Nf6 2. c4 e6 3. Nc3 d5 4. cxd5 exd5 5. Bg5 c6 6. e3 h6 7. Bh4 Be7 8. Bd3 O-O 9. Qc2 Re8 10. Nge2 Nbd7 11. O-O a5 12. a3 Nh5 13. Bxe7 Qxe7 14. Rae1 Nf8 15. Nc1 Nf6 16. f3 Ne6 17. Qf2 c5 18. Bb5 Rd8 19. dxc5 Qxc5 20. Nb3 Qb6 21. Rd1 Bd7 22. Bxd7 Rxd7 23. Nd4 Re8 24. Ncb5 Rde7 25. Rfe1 g6 26. Nxe6 Rxe6 27. Nd4 R6e7 28. Qd2 Nd7 29. Re2 Ne5 30. b3 Nc6 31. Qc3 h5 32. Kf2 Re5 33. Nxc6 bxc6 34. b4 axb4 35. axb4 R5e6 36. Qd4 Rb8 37. Qxb6 Rxb6 38. Rd4 Re8 39. e4 Reb8 40. exd5 cxd5 1/2-1/2


[Site "http://www.chessbomb.com"]

[Event "Meltwater Champions Chess Tour 2022: Chessable Masters | Prelims"]
[White "Tari, Aryan"]
[Black "Anton Guijarro, David"]
[WhiteFideId "1510045"]
[BlackFideId "2285525"]
[WhiteElo "2531"]
[BlackElo "2633"]
[Result "0-1"]
[Round "06"]
[TimeControl "900+10"]
[Date "2022.05.20"]
[WhiteClock "0:01:06"]
[BlackClock "0:01:06"]

1. e4 e5 2. Nf3 Nc6 3. Bc4 Bc5 4. c3 Nf6 5. d4 exd4 6. cxd4 Bb4+ 7. Nbd2 Bxd2+ 8. Bxd2 Nxe4 9. d5 Ne7 10. Bf4 d6 11. Qd4 Nf6 12. Bg5 Nf5 13. Qf4 h6 14. Bb5+ Kf8 15. Bxf6 Qxf6 16. O-O g5 17. Qa4 Ne7 18. Rad1 Kg7 19. Bd7 a6 20. Rfe1 Rd8 21. Bxc8 Raxc8 22. h4 c5 23. hxg5 hxg5 24. Qg4 Ng6 25. Re4 Re8 26. Nxg5 Rcd8 27. Rde1 Rxe4 28. Nxe4 Qf4 29. Qxf4 Nxf4 30. g3 Nxd5 31. Rd1 Nb4 32. Rxd6 Rxd6 33. Nxd6 b5 34. Nb7 Nd3 35. b3 c4 36. bxc4 bxc4 37. Nd6 c3 38. Nf5+ Kf6 39. Nd4 Nb4 40. a3 c2 41. Nb3 Nd3 42. Kg2 Ke5 43. Kf3 c1=Q 44. Nxc1 Nxc1 45. Ke3 Nb3 46. f4+ Kf5 47. Kf3 Nd4+ 0-1


[Site "http://www.chessbomb.com"]

[Event "Meltwater Champions Chess Tour 2022: Chessable Masters | Prelims"]
[White "Grandelius, Nils"]
[Black "Jones, Gawain C B"]
[WhiteFideId "1710400"]
[BlackFideId "409561"]
[WhiteElo "2652"]
[BlackElo "2630"]
[Result "1-0"]
[Round "06"]
[TimeControl "900+10"]
[Date "2022.05.20"]
[WhiteClock "0:01:07"]
[BlackClock "0:00:17"]

1. e4 e5 2. Nf3 Nc6 3. Bb5 a6 4. Ba4 Nf6 5. d3 b5 6. Bb3 Bc5 7. a4 Rb8 8. Bg5 h6 9. Bh4 d6 10. c3 Bb6 11. O-O g5 12. Bg3 O-O 13. Re1 Kg7 14. Nbd2 Nh7 15. Nf1 h5 16. h4 g4 17. N3d2 Ne7 18. Ne3 Bxe3 19. Rxe3 f5 20. exf5 Nxf5 21. Re1 Nxh4 22. d4 exd4 23. Ne4 Nf5 24. cxd4 bxa4 25. Rxa4 Ng5 26. Bf4 Nxe4 27. Rxe4 Bd7 28. Rxa6 Re8 29. Rxe8 Qxe8 30. Ra7 Qe4 31. Rxc7 Qxf4 32. Rxd7+ Kh6 33. Qe1 Kg5 34. g3 Qxd4 35. Bc2 Qf6 36. Qd2+ Kg6 37. Rxd6 1-0


[Site "http://www.chessbomb.com"]

[Event "Meltwater Champions Chess Tour 2022: Chessable Masters | Prelims"]
[White "Praggnanandhaa, R"]
[Black "Harikrishna, Pentala"]
[WhiteFideId "25059530"]
[BlackFideId "5007003"]
[WhiteElo "1927"]
[BlackElo "2624"]
[Result "1/2-1/2"]
[Round "06"]
[TimeControl "900+10"]
[Date "2022.05.20"]
[WhiteClock "0:02:36"]
[BlackClock "0:06:34"]

1. e4 e5 2. Nf3 Nc6 3. Bb5 a6 4. Ba4 Nf6 5. d3 d6 6. c4 Bg4 7. h3 Bxf3 8. Qxf3 Be7 9. Nc3 O-O 10. Be3 Nd4 11. Bxd4 exd4 12. Ne2 c6 13. O-O b5 14. Bb3 Qb6 15. cxb5 axb5 16. Ng3 g6 17. Qe2 Nd7 18. f4 Nc5 19. Bc2 Rae8 20. Qg4 Nxe4 21. dxe4 d3+ 22. Kh2 dxc2 23. Rac1 Qc5 24. Qe2 Qc4 25. Rxc2 Qxe2 26. Nxe2 Bf6 27. Rxc6 Rxe4 28. Nc3 Rc4 29. Rxd6 Bxc3 30. bxc3 Rxc3 31. Rf2 Ra3 32. f5 gxf5 33. Rxf5 Rxa2 34. Rxb5 Kh8 35. Rg5 Rg8 36. Rxg8+ Kxg8 37. Rd3 Kg7 38. Rg3+ Kf6 39. Rf3+ Kg6 40. Rg3+ Kf6 41. Rf3+ Kg6 42. Rg3+ Kf6 1/2-1/2


[Site "http://www.chessbomb.com"]

[Event "Meltwater Champions Chess Tour 2022: Chessable Masters | Prelims"]
[White "Harikrishna, Pentala"]
[Black "Carlsen, Magnus"]
[WhiteFideId "5007003"]
[BlackFideId "1503014"]
[WhiteElo "2624"]
[BlackElo "2847"]
[Result "1/2-1/2"]
[Round "07"]
[TimeControl "900+10"]
[Date "2022.05.20"]
[WhiteClock "0:01:16"]
[BlackClock "0:01:41"]

1. e4 c6 2. Nf3 d5 3. d3 g6 4. e5 c5 5. d4 Nc6 6. dxc5 Bg4 7. Nbd2 e6 8. h3 Bxf3 9. Nxf3 Bxc5 10. Bd3 Qc7 11. Qe2 Nd4 12. Nxd4 Bxd4 13. f4 Ne7 14. Bb5+ Kf8 15. c3 Bxc3+ 16. bxc3 Qxc3+ 17. Qd2 Qxa1 18. O-O Rc8 19. f5 Rxc1 20. Rxc1 Qxe5 21. fxe6 Qxe6 22. Qd4 Rg8 23. Qxa7 Kg7 24. Rc7 Nf5 25. Qxb7 Qe3+ 26. Kh1 Ng3+ 27. Kh2 Qf4 28. Kg1 h5 29. Re7 h4 30. Qc7 Qxc7 31. Rxc7 Kf6 32. a4 Ne4 33. Bc6 Rb8 34. Rxf7+ Kxf7 35. Bxd5+ Kf6 36. Bxe4 Rb3 37. Kh2 Ra3 38. Bc6 Ke5 39. Be8 g5 40. Bc6 Kd4 41. Kg1 Ke3 42. Kh2 Kf2 43. Bd5 Rxa4 44. Bc6 Rd4 45. Bb7 1/2-1/2


[Site "http://www.chessbomb.com"]

[Event "Meltwater Champions Chess Tour 2022: Chessable Masters | Prelims"]
[White "Jones, Gawain C B"]
[Black "Praggnanandhaa, R"]
[WhiteFideId "409561"]
[BlackFideId "25059530"]
[WhiteElo "2630"]
[BlackElo "1927"]
[Result "0-1"]
[Round "07"]
[TimeControl "900+10"]
[Date "2022.05.20"]
[WhiteClock "0:02:20"]
[BlackClock "0:02:40"]

1. e4 c5 2. Be2 Nc6 3. d3 g6 4. f4 Bg7 5. Nf3 Nf6 6. O-O O-O 7. Qe1 d5 8. Nc3 b6 9. Bd2 dxe4 10. dxe4 Nd4 11. Bd3 c4 12. Bxc4 Nxc2 13. Qh4 Nxa1 14. f5 Nc2 15. fxg6 hxg6 16. e5 Bb7 17. exf6 exf6 18. Ne4 Nd4 19. Nfg5 fxg5 20. Nxg5 Nf3+ 21. Rxf3 Qd4+ 22. Qxd4 Bxd4+ 23. Be3 Bxf3 24. Bxd4 Bb7 25. Bf6 Rac8 26. Bb3 Rc1+ 27. Kf2 Rc5 28. g4 Bd5 29. Bd1 Rc6 30. Bd4 f6 31. Nh3 g5 0-1


[Site "http://www.chessbomb.com"]

[Event "Meltwater Champions Chess Tour 2022: Chessable Masters | Prelims"]
[White "Anton Guijarro, David"]
[Black "Grandelius, Nils"]
[WhiteFideId "2285525"]
[BlackFideId "1710400"]
[WhiteElo "2633"]
[BlackElo "2652"]
[Result "1/2-1/2"]
[Round "07"]
[TimeControl "900+10"]
[Date "2022.05.20"]
[WhiteClock "0:01:10"]
[BlackClock "0:01:31"]

1. e4 c5 2. Nf3 d6 3. c3 Nf6 4. Be2 g6 5. O-O Bg7 6. Bb5+ Nc6 7. d4 O-O 8. d5 Na5 9. Re1 a6 10. Bf1 b5 11. Bf4 Re8 12. h3 h6 13. Bh2 Qb6 14. Nbd2 e6 15. b4 Nb7 16. dxe6 Bxe6 17. a4 Nd7 18. axb5 axb5 19. Rxa8 Rxa8 20. e5 cxb4 21. cxb4 dxe5 22. Nxe5 Nxe5 23. Bxe5 Bxe5 24. Rxe5 Nd6 25. Qf3 Ra2 26. Rxe6 Rxd2 27. Re7 Qd4 28. Rd7 Kg7 29. Bxb5 Qxb4 30. Bf1 Qd4 31. g3 Qf6 32. Bg2 Qxf3 33. Bxf3 Ne4 34. Rxd2 Nxd2 35. Be2 Ne4 36. Bf3 Nd2 37. Be2 Ne4 38. Bf3 Nd2 1/2-1/2


[Site "http://www.chessbomb.com"]

[Event "Meltwater Champions Chess Tour 2022: Chessable Masters | Prelims"]
[White "Ding, Liren"]
[Black "Tari, Aryan"]
[WhiteFideId "8603677"]
[BlackFideId "1510045"]
[WhiteElo "2836"]
[BlackElo "2531"]
[Result "1/2-1/2"]
[Round "07"]
[TimeControl "900+10"]
[Date "2022.05.20"]
[WhiteClock "0:01:02"]
[BlackClock "0:01:05"]

1. c4 e5 2. Nc3 Nf6 3. Nf3 e4 4. Ng5 c6 5. Ngxe4 Nxe4 6. Nxe4 d5 7. cxd5 cxd5 8. Ng3 h5 9. e3 h4 10. Ne2 Nc6 11. d4 Bf5 12. Bd2 h3 13. Qb3 Qd7 14. Nf4 Bd6 15. Nxh3 O-O 16. Bd3 Bxh3 17. gxh3 Rac8 18. Qxd5 Nb4 19. Bf5 Qe7 20. Bxb4 Bxb4+ 21. Kf1 Rcd8 22. Qf3 Rd6 23. Rg1 Rh6 24. Rg4 Kh8 25. Rc1 Bd6 26. Kg1 g6 27. Bd3 Qe6 28. Re4 Qf5 29. Qg2 Qxh3 30. Qxh3 Rxh3 31. f4 Kg7 32. Bf1 Rhh8 33. d5 g5 34. Kg2 gxf4 35. exf4 Kf6 36. h3 Rfg8+ 37. Kf3 Rg1 38. f5 Rxh3+ 39. Bxh3 Rxc1 40. Re2 Rc4 41. b3 1/2-1/2


[Site "http://www.chessbomb.com"]

[Event "Meltwater Champions Chess Tour 2022: Chessable Masters | Prelims"]
[White "Hansen, Eric"]
[Black "Giri, Anish"]
[WhiteFideId "2606771"]
[BlackFideId "24116068"]
[WhiteElo "2579"]
[BlackElo "2730"]
[Result "0-1"]
[Round "07"]
[TimeControl "900+10"]
[Date "2022.05.20"]
[WhiteClock "0:00:19"]
[BlackClock "0:02:22"]

1. e4 c5 2. Nf3 d6 3. c3 Nf6 4. Be2 g6 5. O-O Bg7 6. Bb5+ Nc6 7. d4 O-O 8. d5 a6 9. Be2 Nb8 10. Nbd2 e6 11. c4 exd5 12. cxd5 Re8 13. Bd3 Bg4 14. a4 Nbd7 15. Re1 Ne5 16. Bf1 Nxf3+ 17. gxf3 Bh5 18. Qb3 Nd7 19. f4 Bd4 20. Nf3 Bxf3 21. Qxf3 Qh4 22. Be3 Nf6 23. Bxd4 cxd4 24. Rad1 Nxe4 25. Rxd4 Nc5 26. Rxe8+ Rxe8 27. a5 Qf6 28. Rb4 Re1 29. Kg2 Qf5 30. h3 Qb1 31. Be2 Qc2 32. Bf1 Qc1 33. Be2 Qd2 0-1


[Site "http://www.chessbomb.com"]

[Event "Meltwater Champions Chess Tour 2022: Chessable Masters | Prelims"]
[White "Mamedyarov, Shakhriyar"]
[Black "Wei, Yi"]
[WhiteFideId "13401319"]
[BlackFideId "8603405"]
[WhiteElo "2699"]
[BlackElo "2752"]
[Result "1/2-1/2"]
[Round "07"]
[TimeControl "900+10"]
[Date "2022.05.20"]
[WhiteClock "0:04:46"]
[BlackClock "0:01:03"]

1. d4 Nf6 2. c4 e6 3. g4 Bb4+ 4. Bd2 Qe7 5. e3 d5 6. Nc3 O-O 7. g5 Bxc3 8. Bxc3 Ne4 9. h4 c5 10. Nf3 Nc6 11. Qc2 cxd4 12. exd4 e5 13. dxe5 Bg4 14. Be2 Nxc3 15. Qxc3 d4 16. Qa3 Qxa3 17. bxa3 d3 18. Bd1 Rac8 19. Kd2 Na5 20. Kxd3 Nxc4 21. Ke4 Rfe8 22. Kf4 Bxf3 23. Bxf3 Nxe5 24. Bxb7 Rc3 25. f3 Rxa3 26. Kg3 Nd3 27. Rhb1 Nc5 28. Bc6 Rc8 29. Rb5 Rc3 30. Bd5 Rd3 31. Bc6 Rd6 32. Bb7 Nxb7 33. Rxb7 Ra6 34. Rc1 Rf8 35. Rc2 h6 36. Kg4 hxg5 37. hxg5 Kh7 38. f4 Ra4 39. Rbc7 Kg6 40. R7c4 f5+ 41. Kf3 Ra3+ 42. R4c3 Rxc3+ 43. Rxc3 Rd8 44. Rc6+ Kh5 45. Rc7 Rd3+ 46. Ke2 Ra3 47. Rxg7 Kg4 48. g6 Rxa2+ 49. Ke3 Ra3+ 50. Kf2 Ra2+ 51. Ke3 Ra3+ 52. Kf2 Kxf4 53. Rf7 Rf3+ 54. Ke2 Rg3 55. g7 a5 56. Kf2 Rf3+ 57. Kg2 Rg3+ 58. Kf2 Rg6 59. Re7 Kg5 60. Ra7 Kh6 61. Rxa5 Kxg7 62. Rxf5 Rf6 63. Rxf6 Kxf6 1/2-1/2


[Site "http://www.chessbomb.com"]

[Event "Meltwater Champions Chess Tour 2022: Chessable Masters | Prelims"]
[White "Van Foreest, Jorden"]
[Black "Vidit, Santosh Gujrathi"]
[WhiteFideId "1039784"]
[BlackFideId "5029465"]
[WhiteElo "2645"]
[BlackElo "2617"]
[Result "1-0"]
[Round "07"]
[TimeControl "900+10"]
[Date "2022.05.20"]
[WhiteClock "0:04:41"]
[BlackClock "0:00:16"]

1. d4 Nf6 2. c4 e6 3. Nf3 d5 4. Nc3 Bb4 5. Qa4+ Nc6 6. a3 Bxc3+ 7. bxc3 Ne4 8. e3 Nxc3 9. Qc2 Ne4 10. Bd3 O-O 11. O-O Bd7 12. Bxe4 dxe4 13. Qxe4 Na5 14. Qc2 c5 15. dxc5 Qc7 16. Bd2 h6 17. Rfd1 Rfd8 18. Bb4 b6 19. Bxa5 bxa5 20. Rd4 Be8 21. Rad1 Rdc8 22. Qc3 Qxc5 23. Rg4 g6 24. h4 Rd8 25. Rgd4 Rxd4 26. exd4 Qf5 27. d5 exd5 28. cxd5 a4 29. d6 Bd7 30. Ne5 Rc8 31. Qd4 Re8 32. Nxd7 Qxd7 33. h5 gxh5 34. Rd3 Re6 35. Rg3+ Rg6 36. Qf6 Rxg3 37. fxg3 Qc8 38. Kh2 h4 39. gxh4 Qc1 40. Qd4 a5 41. d7 Qc7+ 42. Kh3 Qd8 43. Kg4 Kh7 44. Kf5 Kg8 45. g4 Kh7 46. g5 hxg5 47. hxg5 Kg8 48. g6 f6 49. Qd5+ Kh8 50. Qh1+ 1-0


[Site "http://www.chessbomb.com"]

[Event "Meltwater Champions Chess Tour 2022: Chessable Masters | Prelims"]
[White "Mishra, Abhimanyu"]
[Black "Shankland, Sam"]
[WhiteFideId "30920019"]
[BlackFideId "2004887"]
[WhiteElo "2524"]
[BlackElo "2616"]
[Result "0-1"]
[Round "07"]
[TimeControl "900+10"]
[Date "2022.05.20"]
[WhiteClock "0:00:21"]
[BlackClock "0:04:55"]

1. e4 e5 2. Nf3 Nc6 3. Bc4 Bc5 4. c3 Nf6 5. d3 d6 6. O-O a6 7. a4 h6 8. Re1 Ba7 9. Nbd2 Be6 10. Bxe6 fxe6 11. Nf1 a5 12. Be3 Bxe3 13. Nxe3 O-O 14. Qb3 Qd7 15. Qb5 b6 16. Rad1 Rf7 17. Nf1 Raf8 18. d4 exd4 19. Nxd4 Nxd4 20. cxd4 d5 21. exd5 Qxb5 22. axb5 Nxd5 23. f3 Re7 24. Ne3 Nxe3 25. Rxe3 Rf5 26. Re5 Rd7 27. Rxf5 exf5 28. d5 Kf7 29. Kf2 Ke7 30. Ke3 Kd6 31. Kd4 Re7 32. Rc1 Re2 33. Rc6+ Kd7 34. Rg6 Rxb2 35. Rxg7+ Kc8 36. d6 Rd2+ 37. Ke5 Rxd6 38. Kxf5 Rd5+ 39. Ke6 Rxb5 40. f4 a4 41. Rg3 Rb3 42. Rg8+ Kb7 43. Rd8 Re3+ 44. Kf6 a3 45. g4 b5 46. g5 hxg5 47. fxg5 a2 48. Rd1 b4 49. g6 b3 50. g7 Re8 51. Kf7 Ra8 52. Ra1 b2 53. Rxa2 Rxa2 54. g8=Q b1=Q 55. Qg5 Qf1+ 56. Ke6 Re2+ 57. Kd5 Qd1+ 0-1


[Site "http://www.chessbomb.com"]

[Event "Meltwater Champions Chess Tour 2022: Chessable Masters | Prelims"]
[White "Vidit, Santosh Gujrathi"]
[Black "Mishra, Abhimanyu"]
[WhiteFideId "5029465"]
[BlackFideId "30920019"]
[WhiteElo "2617"]
[BlackElo "2524"]
[Result "1-0"]
[Round "08"]
[TimeControl "900+10"]
[Date "2022.05.20"]
[WhiteClock "0:01:19"]
[BlackClock "0:00:28"]

1. d4 d5 2. c4 c6 3. Nf3 Nf6 4. e3 e6 5. Bd3 dxc4 6. Bxc4 Nbd7 7. O-O Bd6 8. Qc2 O-O 9. e4 e5 10. Be3 Ng4 11. Bg5 Qc7 12. h3 h6 13. Bh4 Ngf6 14. Nc3 Nh5 15. Rad1 b5 16. Be2 Nf4 17. Bg3 exd4 18. Nxd4 b4 19. Nf5 Nxh3+ 20. gxh3 Bxg3 21. Nxg3 bxc3 22. Qxc3 Qe5 23. Qxe5 Nxe5 24. f4 Ng6 25. Kh2 Ne7 26. f5 Rb8 27. b3 c5 28. Bc4 Nc6 29. Rd5 Rd8 30. Rxd8+ Nxd8 31. Rd1 Nc6 32. Rd5 Kf8 33. Rxc5 Rb6 34. Nh5 Ba6 35. Bd5 Nb4 36. Nf4 Bb7 37. Bxb7 Rxb7 38. a3 Na6 39. Rc6 Nc7 40. b4 Nb5 41. Nd5 f6 42. a4 Nd4 43. Rc8+ Kf7 44. Kg3 g6 45. Rc4 Nb3 46. fxg6+ Kxg6 47. Rc6 Kg7 48. b5 Rf7 49. Kf4 Nd4 50. Rd6 Nb3 51. Ke3 Rb7 52. Rc6 Rf7 53. Rc3 Na5 54. Kd4 Rd7 55. Rg3+ Kf7 56. Rf3 Kg7 57. Kc5 Nb7+ 58. Kb4 f5 59. Rxf5 Nd6 60. Rf4 Rd8 61. Nc7 Rc8 62. e5 Nf7 63. e6 Nd6 64. Rd4 Rxc7 65. Rxd6 Kf6 66. Rd7 Rc1 67. e7 Kf7 68. Rxa7 Rh1 69. b6 1-0


[Site "http://www.chessbomb.com"]

[Event "Meltwater Champions Chess Tour 2022: Chessable Masters | Prelims"]
[White "Wei, Yi"]
[Black "Van Foreest, Jorden"]
[WhiteFideId "8603405"]
[BlackFideId "1039784"]
[WhiteElo "2752"]
[BlackElo "2645"]
[Result "1-0"]
[Round "08"]
[TimeControl "900+10"]
[Date "2022.05.20"]
[WhiteClock "0:00:26"]
[BlackClock "0:00:51"]

1. d4 d5 2. c4 dxc4 3. Nf3 Nf6 4. e3 e6 5. Bxc4 c5 6. O-O a6 7. Nbd2 cxd4 8. Nxd4 Be7 9. b3 Bd7 10. Bb2 Nc6 11. N2f3 O-O 12. Qb1 Nxd4 13. Bxd4 Bb5 14. Bxb5 axb5 15. Rd1 Qe8 16. Qb2 Qc6 17. Ne5 Qa6 18. a4 Rfc8 19. a5 Qd6 20. Qe2 Qd5 21. Rab1 b4 22. Nxf7 Qxa5 23. Ne5 Qa6 24. Qf3 Rf8 25. Ra1 Qb5 26. Qh3 Qd5 27. Rab1 Rfd8 28. Nd3 Qf5 29. Qxf5 exf5 30. Bxf6 gxf6 31. Kf1 Kf7 32. Ke2 Bd6 33. Rd2 Ke6 34. g3 Rdc8 35. Kf3 Rc3 36. Nc1 Be5 37. Ne2 b5 38. Nd4+ Bxd4 39. Rxd4 Ra2 40. Rxb4 Rcc2 41. Rf1 Rc5 42. Rh4 Rc3 43. Rb4 Rb2 44. Rh4 Rbxb3 45. Rxh7 Rc2 46. Rb7 b4 47. h4 Rbb2 48. h5 b3 49. h6 Rc8 50. h7 Rh8 51. Rh1 Rd2 52. Rxb3 Rd7 53. Rb6+ Ke5 54. Rb5+ Ke6 55. Kf4 1-0


[Site "http://www.chessbomb.com"]

[Event "Meltwater Champions Chess Tour 2022: Chessable Masters | Prelims"]
[White "Giri, Anish"]
[Black "Mamedyarov, Shakhriyar"]
[WhiteFideId "24116068"]
[BlackFideId "13401319"]
[WhiteElo "2730"]
[BlackElo "2699"]
[Result "1/2-1/2"]
[Round "08"]
[TimeControl "900+10"]
[Date "2022.05.20"]
[WhiteClock "0:08:38"]
[BlackClock "0:12:09"]

1. Nf3 Nf6 2. c4 e6 3. g3 d5 4. d4 Be7 5. Bg2 O-O 6. O-O dxc4 7. Qc2 b6 8. Bg5 Nd5 9. Bxe7 Qxe7 10. Ne5 c5 11. dxc5 Qxc5 12. Qxc4 Qxc4 13. Nxc4 Nc6 14. Nc3 Ba6 15. Nxd5 exd5 16. Bxd5 Rad8 17. Bxc6 Bxc4 18. Bf3 Rd2 19. b3 Bxe2 20. Bxe2 Rxe2 21. Rfe1 Rxe1+ 22. Rxe1 f6 23. Re7 Rf7 24. Re8+ Rf8 25. Re7 Rf7 26. Re8+ Rf8 27. Re7 1/2-1/2


[Site "http://www.chessbomb.com"]

[Event "Meltwater Champions Chess Tour 2022: Chessable Masters | Prelims"]
[White "Tari, Aryan"]
[Black "Hansen, Eric"]
[WhiteFideId "1510045"]
[BlackFideId "2606771"]
[WhiteElo "2531"]
[BlackElo "2579"]
[Result "1/2-1/2"]
[Round "08"]
[TimeControl "900+10"]
[Date "2022.05.20"]
[WhiteClock "0:00:35"]
[BlackClock "0:01:35"]

1. e4 d6 2. d4 Nf6 3. Nc3 e5 4. Nf3 Nbd7 5. Rg1 exd4 6. Nxd4 Nc5 7. Qf3 Be7 8. g4 h5 9. h3 hxg4 10. hxg4 Nfd7 11. g5 Ne5 12. Qe2 Nc6 13. Nxc6 bxc6 14. Be3 Ba6 15. Qd2 Bxf1 16. Rxf1 Qd7 17. O-O-O Qe6 18. Qd4 Qe5 19. Qc4 Qe6 20. Qd4 Qe5 21. Qb4 a5 22. Qa3 Qe6 23. f4 Rh3 24. Bxc5 dxc5 25. Qa4 Kf8 26. e5 c4 27. a3 Bc5 28. Kb1 Kg8 29. Ka2 Rh2 30. f5 Qxe5 31. Qxc6 Rb8 32. Rd5 Rxb2+ 33. Kxb2 Bxa3+ 34. Kb1 Qxc3 35. Rd8+ Bf8 36. Rxf8+ Kxf8 37. Qa8+ Ke7 38. f6+ gxf6 39. gxf6+ Kd7 40. Qd5+ Kc8 41. Qa8+ Kd7 42. Qd5+ Kc8 43. Qa8+ Kd7 1/2-1/2


[Site "http://www.chessbomb.com"]

[Event "Meltwater Champions Chess Tour 2022: Chessable Masters | Prelims"]
[White "Grandelius, Nils"]
[Black "Ding, Liren"]
[WhiteFideId "1710400"]
[BlackFideId "8603677"]
[WhiteElo "2652"]
[BlackElo "2836"]
[Result "1/2-1/2"]
[Round "08"]
[TimeControl "900+10"]
[Date "2022.05.20"]
[WhiteClock "0:00:40"]
[BlackClock "0:02:18"]

1. e4 e5 2. Nf3 Nc6 3. Bb5 a6 4. Ba4 Nf6 5. O-O Be7 6. d3 b5 7. Bb3 d6 8. c3 O-O 9. a4 Bd7 10. Bc2 Re8 11. Re1 h6 12. Nbd2 Bf8 13. h3 Rb8 14. axb5 axb5 15. Nf1 Ne7 16. d4 Ng6 17. Ng3 c5 18. Be3 Qc7 19. Qd2 Ra8 20. Red1 Bc6 21. d5 Bd7 22. b4 c4 23. Rdb1 Be7 24. Qc1 Qb7 25. Rb2 Rxa1 26. Qxa1 Ra8 27. Ra2 Rxa2 28. Qxa2 Bd8 29. Qa7 Qxa7 30. Bxa7 Nf4 31. Kf1 g6 32. Ne2 N6h5 33. Nxf4 Nxf4 34. Be3 Kg7 35. Ng1 f5 36. f3 fxe4 37. fxe4 h5 38. Ne2 g5 39. Bd1 h4 40. Ng1 Be8 41. Nf3 Bh5 42. Nxg5 Bxd1 43. Bxf4 Kg6 44. Ne6 Be7 45. Be3 Bc2 46. Kf2 Bxe4 47. Nc7 Kf5 48. Ba7 Bf8 49. Nxb5 Bxd5 50. Bb8 Ke4 51. Nxd6+ Kd3 52. Nxc4 Bxc4 53. Bxe5 Bh6 54. g3 Be3+ 55. Kf3 Bd5+ 56. Kg4 1/2-1/2


[Site "http://www.chessbomb.com"]

[Event "Meltwater Champions Chess Tour 2022: Chessable Masters | Prelims"]
[White "Praggnanandhaa, R"]
[Black "Anton Guijarro, David"]
[WhiteFideId "25059530"]
[BlackFideId "2285525"]
[WhiteElo "1927"]
[BlackElo "2633"]
[Result "0-1"]
[Round "08"]
[TimeControl "900+10"]
[Date "2022.05.20"]
[WhiteClock "0:00:03"]
[BlackClock "0:00:38"]

1. e4 e5 2. Nf3 Nc6 3. Bb5 a6 4. Ba4 Nf6 5. d3 Bc5 6. c3 d6 7. O-O Ba7 8. Re1 O-O 9. h3 h6 10. Nbd2 Ne7 11. Nf1 Ng6 12. Ng3 c5 13. Bc2 d5 14. exd5 Qxd5 15. Bb3 Qd6 16. Qe2 Re8 17. Ne4 Qc6 18. Nxf6+ Qxf6 19. Bd5 Rb8 20. Be3 Bd7 21. Nd2 Qd6 22. Qf3 Be6 23. Bxe6 Rxe6 24. Ne4 Qxd3 25. Rad1 Qb5 26. b4 b6 27. bxc5 bxc5 28. Rd5 Nf4 29. Bxf4 exf4 30. Red1 Rf8 31. Rd8 Qc6 32. R1d5 Rxd8 33. Rxd8+ Kh7 34. Rd5 f5 35. Nd2 c4 36. Rxf5 Re1+ 37. Kh2 Qxf3 38. Nxf3 Re2 39. Rf7 Bb6 40. a4 Rxf2 41. h4 Rc2 42. h5 Rxc3 43. Kh3 Rd3 44. Rxf4 c3 45. Rc4 Rd5 46. Rxc3 Rxh5+ 47. Kg4 Ra5 48. Rc4 Bd8 49. Kf4 Bf6 50. g4 Kg6 51. Kg3 Kf7 52. Kf4 Ke6 53. Ke4 Kd6 54. Nd2 Rc5 55. Kd3 Rxc4 56. Kxc4 Ke5 57. Nb3 Kf4 58. Nc5 Kxg4 59. Nxa6 h5 60. Nc5 h4 61. a5 Bd8 62. a6 Bb6 63. Nd7 Ba7 64. Kd3 h3 0-1


[Site "http://www.chessbomb.com"]

[Event "Meltwater Champions Chess Tour 2022: Chessable Masters | Prelims"]
[White "Harikrishna, Pentala"]
[Black "Jones, Gawain C B"]
[WhiteFideId "5007003"]
[BlackFideId "409561"]
[WhiteElo "2624"]
[BlackElo "2630"]
[Result "1-0"]
[Round "08"]
[TimeControl "900+10"]
[Date "2022.05.20"]
[WhiteClock "0:04:36"]
[BlackClock "0:02:53"]

1. e4 e5 2. Nf3 Nc6 3. Bb5 a6 4. Ba4 Nf6 5. O-O b5 6. Bb3 Bc5 7. a4 Rb8 8. c3 d6 9. d4 Bb6 10. a5 Ba7 11. h3 Bb7 12. Be3 Nxe4 13. Re1 Ne7 14. Nbd2 Nxd2 15. Bxd2 O-O 16. dxe5 dxe5 17. Nxe5 Ng6 18. Be3 Nxe5 19. Qxd8 Rbxd8 20. Bxa7 Nc4 21. Bxc4 bxc4 22. Re7 Rd2 23. Rxc7 Rxb2 24. Rd1 h5 25. Bc5 Re8 26. Rdd7 Rb5 27. Rxf7 Rxc5 28. Rxg7+ Kh8 29. Rh7+ Kg8 30. Rcg7+ Kf8 31. Rxb7 Kg8 32. Rbg7+ Kf8 33. Rc7 Rxc7 34. Rxc7 Re5 35. Rxc4 Rxa5 36. Rc7 Ke8 37. g4 Kd8 38. Ra7 Kc8 39. Kg2 Kb8 40. Rh7 hxg4 41. hxg4 Rc5 42. f4 Rc4 43. Rf7 Kc8 44. g5 Kd8 45. Kg3 1-0


[Site "http://www.chessbomb.com"]

[Event "Meltwater Champions Chess Tour 2022: Chessable Masters | Prelims"]
[White "Anton Guijarro, David"]
[Black "Harikrishna, Pentala"]
[WhiteFideId "2285525"]
[BlackFideId "5007003"]
[WhiteElo "2633"]
[BlackElo "2624"]
[Result "1/2-1/2"]
[Round "09"]
[TimeControl "900+10"]
[Date "2022.05.21"]
[WhiteClock "0:01:46"]
[BlackClock "0:02:27"]

1. e4 e5 2. Nf3 Nc6 3. Bb5 a6 4. Ba4 Nf6 5. d3 Bc5 6. Nc3 d6 7. Bxc6+ bxc6 8. Be3 Bb4 9. O-O Bxc3 10. bxc3 h6 11. h3 O-O 12. Nd2 d5 13. Qf3 Re8 14. Nb3 Be6 15. Nc5 dxe4 16. Nxe4 Nxe4 17. Qxe4 Qd5 18. Qh4 Bf5 19. Qg3 Re6 20. c4 Qd7 21. Kh2 Rae8 22. f3 Bg6 23. Bc5 Kh7 24. Rae1 f5 25. Rf2 Qf7 26. Rfe2 e4 27. f4 Bh5 28. Re3 exd3 29. cxd3 Rxe3 30. Rxe3 Rxe3 31. Qxe3 Qe8 32. Qxe8 Bxe8 33. Kg3 Kg8 34. Kh4 Kf7 35. g4 fxg4 36. hxg4 g5+ 37. fxg5 Kg6 38. gxh6 Kxh6 39. Be3+ Kh7 40. Kg5 Bg6 41. Kf6 Bxd3 42. c5 a5 43. a3 a4 44. g5 Be4 45. Ke7 Kg6 46. Kd7 Bd5 47. Kxc7 Be4 48. Kb6 Bd5 49. Ka5 Bb3 50. Kb6 Bd5 51. Ka5 Bb3 52. Kb6 Bd5 1/2-1/2


[Site "http://www.chessbomb.com"]

[Event "Meltwater Champions Chess Tour 2022: Chessable Masters | Prelims"]
[White "Ding, Liren"]
[Black "Praggnanandhaa, R"]
[WhiteFideId "8603677"]
[BlackFideId "25059530"]
[WhiteElo "2836"]
[BlackElo "1927"]
[Result "1-0"]
[Round "09"]
[TimeControl "900+10"]
[Date "2022.05.21"]
[WhiteClock "0:03:10"]
[BlackClock "0:00:11"]

1. d4 Nf6 2. c4 e6 3. Nc3 Bb4 4. Nf3 O-O 5. e3 d5 6. Bd2 b6 7. cxd5 exd5 8. Rc1 Bd6 9. Nb5 c5 10. dxc5 bxc5 11. Be2 Be7 12. O-O a6 13. Na3 Be6 14. Qa4 Nbd7 15. Rfd1 Ne4 16. Nb1 Qb8 17. Nc3 Ndf6 18. Qc2 Rd8 19. Be1 Qb7 20. b3 Rac8 21. Nxe4 Nxe4 22. Ba5 Rd6 23. Bd3 f5 24. Qe2 Bf6 25. Rc2 Rdc6 26. h3 Nd6 27. Qe1 Ne4 28. Bf1 Qa7 29. b4 d4 30. bxc5 dxe3 31. Qxe3 Qf7 32. Bb4 Bxa2 33. Nd4 Bxd4 34. Rxd4 Be6 35. Bd3 Nf6 36. Ba3 h6 37. Rc1 Kh8 38. Bc2 Bd7 39. Bb3 Qg6 40. Qd3 R6c7 41. Rd6 Bc6 42. f3 Qg5 43. Bb2 Nh5 44. h4 Qf4 45. Rc4 1-0


[Site "http://www.chessbomb.com"]